 Dungeon Crawl Stone Soup version 0.23-a0-650-ga4d50d4 (webtiles) character file.

1726 Azzok the Cleaver (level 9, -5/56 HPs)
             Began as an Octopode Berserker on Jan 4, 2019.
             Was a High Priest of Trog.
             Slain by a hippogriff (6 damage)
             ... on level 6 of the Dungeon.
             The game lasted 00:07:43 (6004 turns).

Azzok the Cleaver (Octopode Berserker)              Turns: 6004, Time: 00:07:44

Health: -5/56      AC:  1    Str: 19    XL:     9   Next: 4%
Magic:  9/9        EV: 14    Int: 10    God:    Trog [*****.]
Gold:   310        SH:  0    Dex: 11    Spells: 8/8 levels left

rFire    . . .     SeeInvis .   h - +2 hand axe (freeze)
rCold    . . .     Gourm    .   (no shield)
rNeg     . . .     Faith    .   (helmet restricted)
rPois    .         Spirit   .   l - amulet of rage
rElec    .         Reflect  .   (no ring)
rCorr    .         Harm     .   (no ring)
MR       .....                  (no ring)
Stlth    ++........             (no ring)
HPRegen  0.18/turn              (no ring)
MPRegen  0.11/turn              (no ring)
                                (no ring)
                                (no ring)

@: lethally poisoned (-5 -> -7), berserk cooldown, slowed, very slow
A: almost no armour, stealthy swim, amphibious, 8 rings, constrict 8, camouflage
1, gelatinous body 1
a: Berserk, Trog's Hand, Brothers in Arms, Renounce Religion, Evoke Berserk Rage


You were on level 6 of the Dungeon.
You worshipped Trog.
Trog was extremely pleased with you.
You were not hungry.

You visited 1 branch of the dungeon, and saw 7 of its levels.

You collected 310 gold pieces.

Inventory:

Hand Weapons
 h - a +2 hand axe of freezing (weapon)
Jewellery
 l - an amulet of rage (around mantle)
Wands
 s - a wand of digging (4)
 v - a wand of iceblast (9)
 z - a wand of paralysis (4)
Scrolls
 e - 2 scrolls of remove curse
 g - a scroll of enchant weapon
 k - 4 scrolls of amnesia {unknown}
 n - 5 scrolls of teleportation
 q - 3 scrolls of noise {unknown}
 r - a scroll of fear {unknown}
 u - a scroll of blinking
 w - a scroll of magic mapping {unknown}
 y - 4 scrolls of enchant armour {unknown}
Potions
 a - 2 potions of curing
 c - 2 potions of lignification
 d - 2 potions of haste
 i - 3 potions of invisibility
 j - a potion of agility
 m - a potion of magic
 o - 2 potions of might {unknown}
 x - a potion of brilliance
 A - a potion of heal wounds
Comestibles
 b - 9 rations


   Skills:
 - Level 3.0 Fighting
 + Level 11.5 Axes
 - Level 3.0 Dodging


You had 8 spell levels left.
You didn't know any spells.
Your spell library was empty.

Dungeon Overview and Level Annotations

Branches:
Dungeon (7/15)
 Temple: D:4-7

Altars:
Hepliaklqana
Kikubaaqudgha
Nemelex Xobeh


Innate Abilities, Weirdness & Mutations

You cannot wear most types of armour.
You are very stealthy in the water. (Stealth+)
You are amphibious.
You can wear up to eight rings at the same time.
You can use your tentacles to constrict eight enemies at once.
Your skin changes colour to match your surroundings (Stealth+).
Your rubbery body absorbs attacks. (AC +1, EV +1)


Message History

You are poisoned.
The worker ant poisons you!
You climb upwards.
You feel sick.
There is a stone staircase leading down here.
You hit the hippogriff but do no damage.
You feel sick. The hippogriff misses you. The hippogriff closely misses you.
The hippogriff claws you!
You slash the hippogriff! You freeze the hippogriff.
You squeeze the hippogriff.
The hippogriff is moderately wounded.
The hippogriff bites you.
* * * LOW HITPOINT WARNING * * *
The hippogriff pecks you!
* * * LOW HITPOINT WARNING * * *
The hippogriff claws you!
* * * LOW HITPOINT WARNING * * *
You hit the hippogriff. You freeze the hippogriff.
The hippogriff is moderately wounded.
The hippogriff barely misses you. The hippogriff pecks you.
You die...

▒▒·▒··▒ ▒·······▒
▒▒·▒··▒▒▒▒▒▒·······▒
▒▒·▒···············▒
▒▒·▒·▒▒▒▒▒▒········▒
▒▒·▒·▒ ▒········▒
'··▒·▒ ▒▒▒▒·▒·▒▒▒
▒▒▒▒·▒ ▒···▒ ▒▒···▒
▒▒··▒ ▒▒·▒▒▒ ▒H@▒
▒·▒ ▒▒·▒ ▒▒·▒
▒▒▒▒▒▒▒▒▒▒·▒ ···▒
▒··········▒ ··▒▒
▒··········▒ ··▒
▒··········▒ ··▒
▒··········▒
·)▒▒▒▒▒··········▒
··)(·············▒


You could see a hippogriff.

Vanquished Creatures
  3 ogres
  3 centaurs
  3 bullfrogs
  A howler monkey (D:5)
  5 crimson imps
  A quasit (D:6)
  A bullfrog skeleton (D:5)
  3 hounds
  A jelly (D:5)
  3 orc priests
  An iguana (D:5)
  6 orc wizards
  5 worker ants
  A worker ant zombie (D:5)
  3 gnolls (D:4)
  8 adders
  A shadow imp (D:5)
  An ooze (D:5)
  An adder zombie (D:7)
  4 worms
  5 leopard geckos
  30 orcs
  8 bats
  6 giant cockroaches
  13 goblins
  8 hobgoblins
  7 jackals
  6 kobolds
  4 quokkas
  A ball python (D:1)
  4 frilled lizards
  8 rats
155 creatures vanquished.

Notes
Turn   | Place    | Note
-------+----------+-------------------------------------------
     0 | D:1      | Azzok the Octopode Berserker began the quest for the Orb.
     0 | D:1      | Reached XP level 1. HP: 16/16 MP: 1/1
    99 | D:1      | Reached XP level 2. HP: 21/21 MP: 2/2
   411 | D:1      | Reached skill level 4 in Axes
   414 | D:1      | Reached ** piety under Trog
   485 | D:1      | Reached XP level 3. HP: 22/26 MP: 3/3
   993 | D:2      | Found a faded altar of an unknown god.
  1659 | D:3      | Reached XP level 4. HP: 31/31 MP: 4/4
  1743 | D:3      | Reached skill level 5 in Axes
  2174 | D:3      | Reached XP level 5. HP: 31/36 MP: 5/5
  2324 | D:3      | Found an ancient bone altar of Kikubaaqudgha.
  2343 | D:3      | Reached *** piety under Trog
  2796 | D:3      | Reached skill level 6 in Axes
  3137 | D:3      | Reached XP level 6. HP: 42/42 MP: 6/6
  3390 | D:4      | Reached skill level 7 in Axes
  3445 | D:4      | Reached XP level 7. HP: 46/46 MP: 7/7
  3700 | D:4      | Reached skill level 8 in Axes
  4154 | D:5      | Entered Level 5 of the Dungeon
  4181 | D:5      | Reached **** piety under Trog
  4449 | D:5      | Reached skill level 9 in Axes
  4553 | D:5      | Found a hazy altar of Hepliaklqana.
  4666 | D:5      | Reached XP level 8. HP: 52/52 MP: 8/8
  4745 | D:5      | Found a sparkling altar of Nemelex Xobeh.
  4984 | D:5      | Reached skill level 10 in Axes
  5656 | D:6      | Reached skill level 11 in Axes
  5844 | D:6      | Reached ***** piety under Trog
  5990 | D:7      | Reached XP level 9. HP: 56/56 MP: 9/9
  6003 | D:6      | HP: 1/56 [hippogriff (7)]
  6004 | D:6      | Slain by a hippogriff

Vault maps used:
D:1:      minmay_arrival_jagged
D:2:      chequers_ecumenical_altar_lobes
D:3:      minmay_chambers_of_threes, nicolae_overflow_crystal_walls,
          first_ration
D:5:      nicolae_overflow_hidden_temple, chequers_serial_rivers_micro_a,
          kennysheep_opposing_triangles
D:7:      makhleb_altar_promises_db, minmay_temple_entry_grid, serial_aquarium,
          aquarium_bridge_square, aquarium_window_2, aquarium_window_2,
          aquarium_view_2b

Skill      XL: |  1  2  3  4  5  6  7  8 |
---------------+-------------------------+-----
Axes           | 4 5 6 7 9 11 | 11.5
Fighting       | |  3.0
Dodging        | |  3.0

Action                   |  1- 3 |  4- 6 |  7- 9 || total
-------------------------+-------+-------+-------++-------
Melee: Hand axe          |    74 |   114 |   143 ||   331
       Constrict         |    20 |    22 |    30 ||    72
       Tentacles         |    13 |    19 |    26 ||    58
Invok: Berserk           |     2 |     4 |     4 ||    10
  Use: Scroll            |     4 |       |     7 ||    11
       Potion            |       |     4 |       ||     4
 Stab: Sleeping          |     4 |     1 |     2 ||     7
  Eat: Chunk             |     4 |    10 |     8 ||    22
       Ration            |       |       |     1 ||     1
Armor: Skin              |    10 |     8 |     8 ||    26
Dodge: Dodged            |    43 |    64 |    89 ||   196

Table legend:
 A = Non-vault XP
 B = Vault XP
 C = Vault XP percentage of total XP
 D = Non-vault monster count
 E = Vault monster count
 F = Vault count percentage of total count
                 A         B        C        D         E       F
            +---------+---------+-------+---------+---------+-------
      Total |    2271 |     196 |   7.9 |     140 |      15 |   9.7
            +---------+---------+-------+---------+---------+-------
        D:1 |      36 |       0 |   0.0 |      23 |       0 |   0.0
        D:2 |      42 |       0 |   0.0 |      15 |       0 |   0.0
        D:3 |     265 |      38 |  12.5 |      38 |      12 |  24.0
        D:4 |     429 |       0 |   0.0 |      14 |       0 |   0.0
        D:5 |     574 |     158 |  21.6 |      24 |       3 |  11.1
        D:6 |     658 |       0 |   0.0 |      21 |       0 |   0.0
        D:7 |     267 |       0 |   0.0 |       5 |       0 |   0.0
            +---------+---------+-------+---------+---------+-------
